 Dungeon Crawl Stone Soup version 0.32-a0-814-g0968bab (webtiles) character file.

Game seed: 9101662819752707856

68 Meow the Conjurer (level 4, 36/36 HPs)
             Began as a Naga Conjurer on Mar 22, 2024.
             Quit the game on level 2 of the Dungeon.
             The game lasted 00:08:23 (1796 turns).

Meow the Conjurer (Naga Conjurer)                   Turns: 1796, Time: 00:08:24

Health: 36/36      AC:  2    Str:  9    XL:     4   Next: 19%
Magic:  6/8        EV:  8    Int: 20    God:
Gold:   61         SH:  0    Dex: 10    Spells: 6/9 levels left

rFire   . . .        a - +1 dagger (venom)
rCold   . . .        (no shield)
rNeg    . . .        e - +0 robe
rPois   +            (no helmet)
rElec   .            (no cloak)
rCorr   .            (no gloves)
SInv    +            (no barding)
Will    .....        (no amulet)
Stlth   ++           (no ring)
HPRegen 0.26/turn    (no ring)
MPRegen 0.11/turn

%: no passive effects
@: short of breath, very slow
A: AC +1, large, see invisible, deformed body, poison resistance, slowness 2,
spit poison 1, naga tail 1
a: Spit Poison


You were on level 2 of the Dungeon.
You visited 1 branch of the dungeon, and saw 2 of its levels.

You collected 61 gold pieces.

Inventory:

Hand Weapons
 a - a +1 dagger of venom (weapon)
Armour
 e - a +0 robe (worn)
Scrolls
 c - a scroll of silence {unknown}
 h - 2 scrolls of immolation {unknown}
 i - a scroll of identify {unknown}
Potions
 b - a potion of magic
 d - a potion of brilliance {unknown}
 f - a potion of ambrosia {unknown}
 g - a potion of haste {unknown}


   Skills:
 - Level 1.5 Dodging
 - Level 3.0 Stealth
 + Level 3.2 Spellcasting
 + Level 4.8 Conjurations


You had 6 spell levels left.
You knew the following spells:

 Your Spells              Type           Power      Damage    Failure   Level
a - Magic Dart            Conj           88%        1d7       1%          1
b - Searing Ray           Conj           44%        2d6       3%          2

Your spell library contained the following spells:

 Spells                   Type           Power      Damage    Failure   Level
 Ensorcelled Hibernation  Hex/Ice        6%         N/A       22%         2
 Passwall                 Erth           3%         N/A       38%         3
 Swiftness                Air            3%         N/A       38%         3
 Fulminant Prism          Conj/Alch      6%         3d7       45%         4
 Iskenderun's Mystic Bla  Conj/Tloc      12%        2d5       45%         4


Dungeon Overview and Level Annotations

Branches:
Dungeon (2/15)

Altars:


Innate Abilities, Weirdness & Mutations

Your serpentine skin is tough. (AC +1)
You have supernaturally acute eyesight. (SInv)
Armour fits poorly on your strangely shaped body.
Your system is resistant to poisons. (rPois)
You cover ground very slowly.
You can spit poison.
You have a snake-like lower body.


Message History

Aiming: Searing Ray (safe; 3% risk of failure)
Press: ? - help, Shift-Dir - straight line, f/p - goblin
Aim: a goblin, wielding a +0 club (heavily wounded, poisoned, 72% to hit)
The searing ray hits the goblin.
You kill the goblin!
The searing ray hits the hobgoblin!
You kill the hobgoblin! (Press . to maintain the ray.)
You have reached level 4!
You feel agile.
You start resting.
You have got your breath back.
Unknown command.
You start resting.
HP restored.
You start resting.
Magic restored.
Things that are here:
a +0 club; a goblin corpse You see here a hobgoblin corpse.
Found a dagger.
An adder comes into view.
Found an escape hatch in the floor.
Aiming: Spit Poison (1% risk of failure)
Press: ? - help, Shift-Dir - straight line, f - adder
Aim: an adder (wandering, hasn't noticed you, 37% to hit)
The splash of poison hits the adder!
The adder is poisoned.
The adder is severely wounded.
The adder hisses angrily.
Unknown command.
Casting: Searing Ray (safe; 3% risk of failure)
Confirm with . or Enter, or press ? or * to list all spells.
Aiming: Searing Ray (safe; 3% risk of failure)
Press: ? - help, Shift-Dir - straight line, f/p - adder
Aim: an adder (almost dead, poisoned, 63% to hit)
The searing ray hits the adder!
You kill the adder! (Press . to maintain the ray.) Unknown command.
Are you sure you want to abandon this character and quit the game? (Confirm with "yes".)

.......†..#####....
.####.....##... ###
####.........#
...........#### ##
###............ ...
......)...##### ..)>
#####.....## .....
#.......# #####.†....
#
#.......###..@.......
##
#.......##..#####....
.# ##.....##..## .
.#####...###.##
...#########.#
##........)†.#
#############


There were no monsters in sight!

Vanquished Creatures
  2 adders (D:2)
  6 ball pythons
  6 bats
  3 endoplasms (D:1)
  A giant cockroach (D:1)
  4 goblins
  4 hobgoblins
  3 jackals
  5 quokkas (D:1)
  3 frilled lizards
  3 kobolds (D:1)
  6 rats
46 creatures vanquished.

Notes
Turn   | Place    | Note
-------+----------+-------------------------------------------
     0 | D:1      | Meow the Naga Conjurer began the quest for the Orb.
     0 | D:1      | Reached XP level 1. HP: 15/15 MP: 3/3
   204 | D:1      | Reached XP level 2. HP: 22/22 MP: 1/5
   207 | D:1      | Learned a level 2 spell: Searing Ray
   763 | D:1      | Reached XP level 3. HP: 28/28 MP: 3/6
  1756 | D:2      | Reached XP level 4. HP: 31/36 MP: 5/8
  1796 | D:2      | Quit the game

Illustrated notes

Levels and vault maps discovered:
D:1:      matt_arrival_los_fun, layout_basic
D:2:      layout_rooms, minivault_24

Skill      XL: |  1  2  3 |
---------------+----------+-----
Spellcasting   | 3 |  3.2
Dodging        | |  1.5
Stealth        | |  3.0
Conjurations   | |  4.8

Action                     |  1- 3 |  4- 6 || total
---------------------------+-------+-------++-------
   Cast: Magic Dart        |    43 |       ||    43
         Searing Ray       |     5 |     1 ||     6
Ability: Spit Poison       |    30 |     1 ||    31
 Armour: Robe              |    22 |       ||    22
  Dodge: Dodged            |     8 |       ||     8

Table legend: (Time is in decaauts)
 A = Elapsed time spent in this place.
 B = Non-inter-level travel time spent in this place.
 C = Inter-level travel time spent in this place.
 D = Time resting spent in this place.
 E = Time spent auto-exploring this place.
 F = Levels seen in this place.
 G = Mean time per level.
                   A        B        C        D        E       F      G
               +--------+--------+--------+--------+--------+-----+--------+
         Total |   2245 |   2213 |     32 |    540 |   1448 |   2 | 1122.5 |
       Dungeon |   2245 |   2213 |     32 |    540 |   1448 |   2 | 1122.5 |
               +--------+--------+--------+--------+--------+-----+--------+

Top non-repeatable levels by time:
     D:1: 1806 daAuts
     D:2: 439 daAuts
